 Dungeon Crawl Stone Soup version 0.30-a0-777-ga9a30cbeda (webtiles) character file.

Game seed: 13795701484205594881

220 bande the Covered (level 5, 0/33 HPs)
             Began as a Gargoyle Fighter on Feb 15, 2023.
             Slain by an orc wizard
             ... wielding a +0 dagger
              (2 damage)
             ... on level 3 of the Dungeon.
             The game lasted 00:02:44 (2697 turns).

bande the Covered (Gargoyle Fighter)                Turns: 2697, Time: 00:02:45

Health: 0/33       AC: 16    Str: 20    XL:     5   Next: 97%
Magic:  5/5        EV:  5    Int:  8    God:
Gold:   167        SH:  4    Dex: 11    Spells: 4/4 levels left

rFire   . . .      SeeInvis .    a - +0 war axe
rCold   . . .      Faith    .    c - +0 buckler
rNeg    + . .      Spirit   .    o - +0 plate armour
rPois   ∞          Reflect  .    (no helmet)
rElec   +          Harm     .    (no cloak)
rCorr   .          Rampage  .    (no gloves)
Will    .....                    (no boots) Stlth
                                 (no amulet)
HPRegen 0.25/turn                b - ring of flight
MPRegen 0.09/turn                (no ring)

@: flying
A: sickness immunity, AC +4, negative energy resistance 1, electricity
resistance, torment resistance 1, petrification resistance
a: no special abilities


You were on level 3 of the Dungeon.
You visited 1 branch of the dungeon, and saw 3 of its levels.

You collected 167 gold pieces.

Inventory:

Hand Weapons
 a - a +0 war axe (weapon)
Armour
 c - a +0 buckler (worn)
 o - a +0 plate armour (worn)
Jewellery
 b - a ring of flight (left hand)
Wands
 m - a wand of flame (6)
Scrolls
 f - 2 scrolls of magic mapping {unknown}
 h - 2 scrolls of teleportation {unknown}
 j - 2 scrolls of identify {unknown}
 k - a scroll of noise {unknown}
 n - a scroll of blinking {unknown}
 p - a scroll of fog {unknown}
 q - a scroll of vulnerability {unknown}
 u - a scroll of fear {unknown}
Potions
 d - a potion of might
 e - a potion of cancellation {unknown}
 g - 3 potions of degeneration {unknown}
 i - 2 potions of curing {unknown}
 l - a potion of attraction {unknown}
 r - a potion of flight {unknown}
 s - a potion of haste {unknown}
 t - a potion of heal wounds {unknown}


   Skills:
 + Level 4.1 Fighting
 + Level 3.6 Axes
 + Level 4.4 Armour
 + Level 3.6 Shields
 * Level 1.7 Evocations


You had 4 spell levels left.
You didn't know any spells.
Your spell library contained the following spells:

 Spells                   Type           Power      Damage    Failure   Level
 Ignite Poison            Fire/Tmut/Pois 0%         N/A       100%        3
 Kindle Blastsparks       Fire/Tloc/Air  0%         2d10      100%        3
 Freezing Cloud           Conj/Ice/Air   0%         6-21      100%        5


Dungeon Overview and Level Annotations

Branches:
Dungeon (3/15)

Altars:
Vehumet


Innate Abilities, Weirdness & Mutations

You are immune to sickness and miasma.
Your stone body is resilient. (AC +4)
You are immune to poison.
You resist negative energy. (rN+)
You are resistant to electric shocks. (rElec)
You are resistant to unholy torment.
You are immune to petrification.


Message History

* * * LOW HITPOINT WARNING * * *
You hit the orc priest but do no damage.
The orc priest is heavily wounded.
The orc priest barely misses you. You block the orc priest's attack.
You slash the orc priest!
The orc priest is almost dead.
The orc priest hits you but does no damage.
You slash the orc priest!
You kill the orc priest!
You miss something.
Something hits you but does no damage. x2
You barely miss something. Something hits you but does no damage.
You miss something.
Something hits you but does no damage. x2
You barely miss something. Something hits you.
* * * LOW HITPOINT WARNING * * *
You barely miss something. You block something's attack.
Something hits you but does no damage.
You miss something.
You hear some strange, mumbled words.
A puff of flame appears from out of thin air!
The puff of flame hits you.
* * * LOW HITPOINT WARNING * * *
You miss something. Something hits you but does no damage.
You barely miss something.
Something hits you but does no damage. x2
You miss something. Something hits you but does no damage.
You barely miss something. Something hits you but does no damage.
You closely miss something.
You hear some strange, mumbled words.
A magic dart appears from out of thin air!
The magic dart hits you.
* * * LOW HITPOINT WARNING * * *
You hear some strange, mumbled words.
A magic dart appears from out of thin air!
The magic dart hits you but does no damage.
You miss something. You block something's attack.
You miss something. Something hits you.
* * * LOW HITPOINT WARNING * * *
You miss something.
An orc wizard appears from thin air!
Reactivating autopickup.
The orc wizard hits you with a +0 dagger.
You die...

#.# #.#
#.# #.#
#.# #.#
#.# #.#
#.#
#.#.#.#
#.#
#.#.#.#
#.#
#.#.#.#
## #.#
#.#.#.#
># #.#
#.#.#o#
.# #.#
#.#.#@#
.# #.#
#.#.#.#
.# #.#
#.#.#.##
.# #.#
#......#
.# #.#
###.####
.# #.#
#.# .#
#.# #.#
.# #.#
#.# .#
#.# #.#


You could see an orc wizard.

Vanquished Creatures
  2 orc priests (D:3)
  Natasha (D:3)
  An orc wizard (D:3)
  3 adders
  A worm (D:3)
  A dart slug (D:3)
  6 orcs (D:3)
  7 ball pythons
  4 endoplasms
  3 giant cockroaches
  8 hobgoblins
  12 jackals
  3 kobolds
  A quokka (D:3)
  4 bats
  5 frilled lizards
  3 goblins
  8 rats
73 creatures vanquished.

Notes
Turn   | Place    | Note
-------+----------+-------------------------------------------
     0 | D:1      | bande the Gargoyle Fighter began the quest for the Orb.
     0 | D:1      | Reached XP level 1. HP: 14/14 MP: 1/1
   359 | D:1      | Reached XP level 2. HP: 19/19 MP: 2/2
   570 | D:1      | Reached XP level 3. HP: 24/24 MP: 3/3
  1527 | D:2      | Found a radiant altar of Vehumet.
  1625 | D:2      | Found a faded altar of an unknown god.
  1968 | D:3      | Noticed Natasha
  1981 | D:3      | Killed Natasha
  1982 | D:3      | Reached XP level 4. HP: 26/29 MP: 4/4
  2032 | D:3      | Reached skill level 1 in Evocations
  2038 | D:3      | Reached XP level 5. HP: 7/33 MP: 5/5
  2697 | D:3      | Slain by an orc wizard

Illustrated notes

Levels and vault maps discovered:
D:1:      dpeg_arrival_water_fire, layout_basic
D:2:      layout_loops_ring, nicolae_ecumenical_pavilion, basic_altar
D:3:      minmay_chambers_of_threes, layout_basic, uniq_natasha

Skill      XL: |  1  2  3  4  5 |
---------------+----------------+-----
Axes           | 2 3 |  3.6
Armour         | 4 |  4.4
Evocations     | 1 |  1.7
Fighting       | 4 |  4.1
Shields        | |  3.6

Action                     |  1- 3 |  4- 6 || total
---------------------------+-------+-------++-------
  Melee: War axe           |   116 |   110 ||   226
 Armour: Scale mail        |    45 |       ||    45
         Plate armour      |    49 |    83 ||   132
  Dodge: Dodged            |    68 |    30 ||    98
  Block: Buckler           |    26 |    27 ||    53

Table legend: (Time is in decaauts)
 A = Elapsed time spent in this place.
 B = Non-inter-level travel time spent in this place.
 C = Inter-level travel time spent in this place.
 D = Time resting spent in this place.
 E = Time spent auto-exploring this place.
 F = Levels seen in this place.
 G = Mean time per level.
                   A        B        C        D        E       F      G
               +--------+--------+--------+--------+--------+-----+--------+
         Total |   2796 |   2726 |     70 |    207 |   2028 |   3 |  932.0 |
       Dungeon |   2796 |   2726 |     70 |    207 |   2028 |   3 |  932.0 |
               +--------+--------+--------+--------+--------+-----+--------+

Top non-repeatable levels by time:
     D:1: 1079 daAuts
     D:3: 994 daAuts
     D:2: 722 daAuts
